 Dungeon Crawl Stone Soup version 0.32-a0-886-g41c5271027 (webtiles) character file.

Game seed: 10462330857730130724

1 ragingrage the Ruffian (level 1, 0/15 HPs)
             Began as a Barachi Shapeshifter on Apr 2, 2024.
             Frozen to death by an endoplasm (4 damage)
             ... on level 1 of the Dungeon.
             The game lasted 00:00:12 (144 turns).

ragingrage the Ruffian (Barachi Shapeshifter)        Turns: 144, Time: 00:00:12

Health: 0/15       AC:  2    Str: 15    XL:     1   Next: 20%
Magic:  1/1        EV: 11    Int: 10    God:
Gold:   0          SH:  0    Dex: 11    Spells: 0/0 levels left

rFire   . .          .
                       - Unarmed
rCold   . . .        (no shield)
rNeg    . . .        a - +0 animal skin
rPois   .            (helmet currently unavailable)
rElec   .            (cloak currently unavailable)
rCorr   .            (gloves currently unavailable)
SInv    .            (boots currently unavailable)
Will    .....        (no amulet)
Stlth   +            (no ring)
HPRegen 0.22/turn    (no ring)
MPRegen 0.07/turn

%: no passive effects
@: beast-form, unable to hop, slow
A: beast (slay +1), amphibious, slowness 1, strong legs 1, +LOS
a: Hop, Begin Untransformation


You were on level 1 of the Dungeon.
You were a hulking beast.
You visited 1 branch of the dungeon, and saw 1 of its levels.

Inventory:

Armour
 a - a +0 animal skin (worn)
 h - a +0 helmet
Talismans
 c - a beast talisman (active)
 d - a flux talisman
Scrolls
 e - a scroll of enchant armour {unknown}
 f - a scroll of silence {unknown}
 g - 2 scrolls of enchant weapon {unknown}
Potions
 b - a potion of lignification


   Skills:
 - Level 1.2 Fighting
 - Level 2.1 Dodging
 + Level 0.0 Stealth
 + Level 3.4 Unarmed Combat
 - Level 3.2 Shapeshifting


You couldn't memorise any spells.
You didn't know any spells.
Your spell library was empty.

Dungeon Overview and Level Annotations

Branches:
Dungeon (1/15)

Altars:


Innate Abilities, Weirdness & Mutations

You are a hulking beast.
Your limbs bulge with bestial killing power. (Slay +1)
You are amphibious.
You cover ground slowly.
You can hop short distances.
You have an extended range of vision and can be seen from far away.


Message History

e - a scroll labelled OMAUFE VEIRPH You open the door.
There is an open door here.
A ball python comes into view.
The ball python hisses angrily.
A ball python is nearby!
A ball python is nearby!
You punch the ball python!
You kill the ball python!
No target in view!
No target in view!
f - a scroll labelled KIMEMOROVA
g - 2 scrolls labelled OLUPNE ATHREI No target in view!
h - a +0 helmet No target in view!
No target in view!
An endoplasm comes into view.
An endoplasm comes into view.
The endoplasm quivers.
There are monsters nearby!
The endoplasm quivers.
The endoplasm freezes you.
You are frozen.
You barely miss the endoplasm. The endoplasm freezes you.
You are frozen.
You are too injured to fight recklessly!
You hit the endoplasm. The endoplasm freezes you.
You are frozen.
* * * LOW HITPOINT WARNING * * *
The endoplasm closely misses you.
Hop to where?
Press: ? - help, Dir - move target Boing!
You hit the endoplasm. The endoplasm freezes you.
You are frozen.
You die...

#...............####.#.
#.......#.#............
#####.......#.#.#.#..#.####
#.............#...#..#.#
#............##..##..#.##
#...........# #.........#
.#......#..#####.#.....###
..........J##...........#
...#####...Jh...#.......# .
#.......###..######..#
#.......# #......#...#
#.......# #.....## ..#
.........# ####### ..#
.!......... ..# ..........#
..........# ..$.....


You could see 2 endoplasms.

Vanquished Creatures
  A ball python (D:1)
1 creature vanquished.

Notes
Turn   | Place    | Note
-------+----------+-------------------------------------------
     0 | D:1      | ragingrage the Barachi Shapeshifter began the quest for the
                  | Orb.
     0 | D:1      | Reached XP level 1. HP: 15/15 MP: 1/1
   144 | D:1      | Frozen to death by an endoplasm

Illustrated notes

Levels and vault maps discovered:
D:1:      minmay_arrival_cross, layout_basic

Action                     || total
---------------------------++-------
  Melee: Unarmed           ||     4
Ability: Hop               ||     1
  Dodge: Dodged            ||     1

Table legend: (Time is in decaauts)
 A = Elapsed time spent in this place.
 B = Non-inter-level travel time spent in this place.
 C = Inter-level travel time spent in this place.
 D = Time resting spent in this place.
 E = Time spent auto-exploring this place.
 F = Levels seen in this place.
 G = Mean time per level.
                   A        B        C        D        E       F      G
               +--------+--------+--------+--------+--------+-----+--------+
         Total |    170 |    170 |      0 |      0 |    149 |   1 |  170.0 |
       Dungeon |    170 |    170 |      0 |      0 |    149 |   1 |  170.0 |
               +--------+--------+--------+--------+--------+-----+--------+

Top non-repeatable levels by time:
     D:1: 170 daAuts
